 Dungeon Crawl Stone Soup version 0.22-a0-812-g4c1e2d5471 (webtiles) character file.

89 PikkenKukken the Sneak (level 4, -3/22 HPs)
             Began as a Spriggan Enchanter on July 23, 2018.
             Killed from afar by an orc wizard (10 damage)
             ... with a puff of flame
             ... on level 2 of the Dungeon.
             The game lasted 00:12:29 (2869 turns).

PikkenKukken the Sneak (Spriggan Enchanter)         Turns: 2869, Time: 00:12:29

Health: -3/22      AC:  3    Str:  4    XL:     4   Next: 31%
Magic:  7/9        EV: 19    Int: 16    God:
Gold:   151        SH:  0    Dex: 17    Spells: 0/9 levels left

rFire    . . .     SeeInvis +   a - +1 dagger
rCold    . . .     Gourm    .   (shield restricted)
rNeg     . . .     Faith    .   b - +1 robe
rPois    .         Spirit   .   (helmet restricted)
rElec    .         Reflect  .   (no cloak)
rCorr    .         Harm     .   (gloves unavailable)
MR       .....                  (boots unavailable)
Stlth    +++.......             (no amulet)
HPRegen  0.07/turn              (no ring)
MPRegen  0.11/turn              (no ring)

@: very quick
A: very small, unfitting armour, see invisible, herbivore, speed 3, slow
metabolism 2
a: no special abilities


You were on level 2 of the Dungeon.
You were not hungry.

You visited 1 branch of the dungeon, and saw 3 of its levels.

You collected 151 gold pieces.

Inventory:

Hand Weapons
 a - a +1 dagger (weapon)
Armour
 b - a +1 robe (worn)
Scrolls
 g - 3 scrolls of teleportation
 k - a scroll of remove curse
Potions
 c - a potion of might
 e - a potion of brilliance
 f - a potion of agility
 h - a potion of curing
 j - a potion of invisibility {unknown}
Comestibles
 d - 3 rations


   Skills:
 + Level 1.0 Fighting
 + Level 2.0 Short Blades
 + Level 3.9 Dodging
 + Level 5.2 Stealth
 + Level 3.2 Spellcasting
 + Level 4.2 Hexes


You couldn't memorise any spells.
You knew the following spells:

 Your Spells              Type           Power        Failure   Level  Hunger
a - Corona                Hex            ###....      3%          1    None
b - Ensorcelled Hibernat  Hex/Ice        #.....       12%         2    ##.....
c - Confuse               Hex            ###.....     10%         3    ###....
d - Tukima's Dance        Hex            ###.....     10%         3    ###....

Your spell library contained the following spells:

 Spells                   Type           Power        Failure   Level  Hunger
 Dazzling Spray           Conj/Hex       #.....       22%         3    ###....


Dungeon Overview and Level Annotations

Branches:
Dungeon (3/15)

Altars:
Sif Muna

Annotations:
D:3 1 transporter


Innate Abilities, Weirdness & Mutations

You are very small and have problems with some larger weapons.
You are too small for most types of armour.
You have supernaturally acute eyesight. (SInv)
You are a herbivore.
You cover ground extremely quickly.
You need to consume almost no food.


Message History

Level annotation: 1 transporter The orc hits you with a mace.
There is a stone staircase leading up, spattered with blood here.
The orc wizard hits you but does no damage.
The orc barely misses you.
You climb upwards.
There is a stone staircase leading down here.
There is an open door here.
Casting: Ensorcelled Hibernation (safe; 12% risk of failure)
Confirm with . or Enter, or press ? or * to list all spells.
Aiming: Ensorcelled Hibernation (safe; 12% risk of failure)
Press: ? - help, Shift-Dir - straight line, f - orc
Aim: an orc, wielding a mace (chance to defeat MR: 58%)
The orc looks drowsy...
The orc wizard points at you and mumbles some strange words.
The puff of flame hits you!
You are too injured to fight recklessly!
The orc wizard gestures at you while chanting.
The puff of flame hits you!
You die...

#### ###'###########.≈≈≈≈≈♣♣≈≈≈
#.#### #≈≈≈≈≈♣_.≈≈≈ #######....#
#..≈≈≈♣..≈≈≈ #.......<..####
#..≈≈≈≈≈≈≈≈≈
####.............#####.≈≈≈≈≈≈≈≈≈≈
.................'...+≈≈≈≈≈≈≈≈≈≈≈
####......<......#####.≈≈≈≈....≈.
####.............#.o..≈≈...≈.....
...'............@'o...>...#..####
####.............#...........####
#.............#........#......
#.............#........###.###
####...######.#...............
######...######.#.........##..##
##........#...##.#.......#.###.##
##........#...##.#.......#.###.##
##............'..#######.#..##.##


You could see an orc wizard and an orc (sleeping).

Vanquished Creatures
  4 adders
  A worm (D:2)
  2 leopard geckos (D:2)
  2 giant cockroaches (D:1)
  6 goblins
  3 hobgoblins (D:1)
  8 jackals
  A quokka (D:3)
  6 bats
  2 frilled lizards
  6 kobolds
  5 rats
46 creatures vanquished.

Notes
Turn   | Place    | Note
-------+----------+-------------------------------------------
     0 | D:1      | PikkenKukken the Spriggan Enchanter began the quest for the Orb.
     0 | D:1      | Reached XP level 1. HP: 9/9 MP: 5/5
   338 | D:1      | Reached XP level 2. HP: 13/13 MP: 4/6
   342 | D:1      | Learned a level 2 spell: Ensorcelled Hibernation
  1076 | D:2      | Reached XP level 3. HP: 17/17 MP: 8/8
  1191 | D:2      | Found a faded altar of an unknown god.
  1756 | D:2      | Learned a level 3 spell: Confuse
  1850 | D:1      | Reached skill level 5 in Stealth
  2038 | D:2      | Found a deep blue altar of Sif Muna.
  2042 | D:2      | Reached XP level 4. HP: 21/21 MP: 6/9
  2691 | D:3      | Reached skill level 1 in Fighting
  2699 | D:3      | Learned a level 3 spell: Tukima's Dance
  2760 | D:3      | Found a transporter.
  2869 | D:2      | Killed from afar by an orc wizard

Vault maps used:
D:1:      co_arrival_random_square_maze, item_on_display_a
D:2:      nicolae_overflow_hidden_temple, chequers_ecumenical_altar_island,
          minmay_misc_feat_room
D:3:      zin_academy, gammafunk_temple_overflow_elements,
          gammafunk_ghost_mausoleum, first_ration, uniq_grinder

Skill      XL: |  1  2  3  4 |
---------------+-------------+-----
Spellcasting   | 3 |  3.2
Hexes          | 4 |  4.2
Stealth        | 5 |  5.2
Short Blades   | 2 |  2.0
Fighting       | 1 |  1.0
Dodging        | |  3.9

Action                   |  1- 3 |  4- 6 || total
-------------------------+-------+-------++-------
Melee: Dagger            |    90 |    33 ||   123
 Cast: Corona            |     5 |       ||     5
       Ensorcelled Hiber |    32 |    10 ||    42
  Use: Scroll            |     6 |     5 ||    11
       Potion            |     2 |       ||     2
 Stab: Sleeping          |    21 |     7 ||    28
  Eat: Ration            |     1 |       ||     1
Armor: Robe              |    18 |     3 ||    21
Dodge: Dodged            |   100 |    22 ||   122

Table legend:
 A = Spawn XP
 B = Non-spawn XP
 C = Spawn XP percentage of total XP
 D = Spawn monster count
 E = Non-spawn monster count
 F = Spawn count percentage of total count
 G = Total turns spent on level
                    A         B        C        D         E        F      G
               +---------+---------+-------+---------+---------+-------+---------
         Total |       0 |     128 |   0.0 |       0 |      46 |   0.0 |  2869
               +---------+---------+-------+---------+---------+-------+---------
           D:1 |       0 |      54 |   0.0 |       0 |      25 |   0.0 |  1290
           D:2 |       0 |      68 |   0.0 |       0 |      18 |   0.0 |  1408
           D:3 |       0 |       6 |   0.0 |       0 |       3 |   0.0 |   171
               +---------+---------+-------+---------+---------+-------+---------
